 Dungeon Crawl Stone Soup version 0.31-a0-1317-gdfb52cbc09 (webtiles) character file.

Game seed: 15264098466147099455

12905 night the Grappler (level 12, -5/95 HPs)
             Began as a Ghoul Monk on Dec 20, 2023.
             Was an Elder of Hepliaklqana.
             Slain by a cyclops (17 damage)
             ... on level 11 of the Dungeon.
             The game lasted 00:20:15 (8915 turns).

night the Grappler (Ghoul Monk)                     Turns: 8915, Time: 00:20:16

Health: -5/95      AC: 14    Str: 20    XL:     12   Next: 0%
Magic:  18/18      EV: 13    Int:  9    God:    Hepliaklqana [****..]
Gold:   852        SH:  0    Dex: 15    Spells: 11/11 levels left

rFire   . .          .
                       - Unarmed
rCold   + . .        c - orb {light}
rNeg    + + +        F - +5 scale mail of the Fife {Dex+4 Stlth+}
rPois   ∞            x - +2 hat
rElec   .            I - +0 cloak
rCorr   .            (no gloves)
SInv    .            (no boots)
Will    .....        (no amulet)
Stlth   +            (no ring)
HPRegen 0.00/turn    (no ring)
MPRegen 0.16/turn

%: no passive effects
@: inhibited regen, glowing
A: reduced essence, claws 1, cold resistance 1, negative energy resistance 3,
inhibited regeneration, torment resistance 2, devour on kill
a: Renounce Religion, Recall Ancestor, Ancestor Identity, Transference, Idealise


You were on level 11 of the Dungeon.
You worshipped Hepliaklqana.
Hepliaklqana was greatly pleased with you.
You visited 2 branches of the dungeon, and saw 12 of its levels.

You collected 852 gold pieces.

Inventory:

Missiles
 d - 14 poisoned darts
 e - 107 stones
 p - 14 boomerangs
Armour
 a - a +0 robe
 c - an orb of light (worn)
 x - a +2 hat (worn)
 A - +0 steam dragon scales
 B - an orb of guile
 C - a +2 ring mail of fire resistance
 F - the +5 scale mail of the Fife (worn) {Dex+4 Stlth+}
   (You found it on level 7 of the Dungeon)

   Dex+4:     It affects your dexterity (+4).
   Stlth+:    It makes you more stealthy.
 I - a +0 cloak (worn)
 N - a +0 buckler
Jewellery
 g - a ring of resist corrosion
 j - a ring of fire
 t - a ring of protection from cold
 E - an amulet of guardian spirit
 O - a ring of resist corrosion
Wands
 r - a wand of digging (12)
 v - a wand of polymorph (8)
 w - a wand of paralysis (18)
 y - a wand of roots (11)
 D - a wand of mindburst (18)
 G - a wand of flame (28)
Scrolls
 f - 7 scrolls of identify {unknown}
 i - 7 scrolls of teleportation
 m - 2 scrolls of brand weapon {unknown}
 n - a scroll of vulnerability {unknown}
 o - 2 scrolls of poison {unknown}
 u - 2 scrolls of enchant armour {unknown}
 J - 2 scrolls of fear {unknown}
 L - a scroll of blinking {unknown}
 M - 2 scrolls of enchant weapon {unknown}
 Q - a scroll of revelation {unknown}
Potions
 b - a potion of ambrosia
 h - 9 potions of lignification {unknown}
 k - 4 potions of mutation {unknown}
 l - 2 potions of degeneration {unknown}
 q - 8 potions of curing {unknown}
 s - 4 potions of resistance {unknown}
 z - a potion of haste {unknown}
 H - 2 potions of enlightenment {unknown}
 K - a potion of brilliance {unknown}
Miscellaneous
 P - a phantom mirror


   Skills:
 + Level 9.8 Fighting
 + Level 2.5 Armour
 + Level 8.2 Dodging
 + Level 2.4 Shields
 * Level 13.2 Unarmed Combat
 + Level 8.5 Invocations


You had 11 spell levels left.
You didn't know any spells.
Your spell library contained the following spells:

 Spells                   Type           Power      Damage    Failure   Level
 Kiss of Death            Conj/Necr      0%         2d5       75%         1
 Summon Small Mammal      Summ           0%         N/A       75%         1
 Ensorcelled Hibernation  Hex/Ice        0%         N/A       87%         2
 Passwall                 Alch/Erth      0%         N/A       87%         2
 Call Canine Familiar     Summ           0%         N/A       98%         3
 Confusing Touch          Hex            0%         N/A       98%         3
 Summon Guardian Golem    Hex/Summ       0%         N/A       98%         3
 Swiftness                Air            0%         N/A       98%         3
 Tukima's Dance           Hex            0%         N/A       98%         3
 Dimensional Bullseye     Hex/Tloc       0%         N/A       100%        4
 Dispel Undead            Necr           0%         3d6       100%        4
 Iskenderun's Mystic Bla  Conj/Tloc      0%         2d3       100%        4


Dungeon Overview and Level Annotations

Branches:
Dungeon (11/15)            Temple (1/1) D:5            Lair (0/5) D:9
    Orc: D:9-12

Altars:
Ashenzari
Cheibriados
Dithmenos
Fedhas
Gozag
Hepliaklqana
Kikubaaqudgha
Makhleb
Nemelex Xobeh
Okawaru
Qazlal
Ru
Sif Muna
Trog
Uskayaw
Vehumet
Wu Jian
Xom
Yredelemnul

Shops:
D:4 *   D:8 (

Annotations:
D:10 3 runed translucent doors, Takeo's ghost, journeyman DjFE


Innate Abilities, Weirdness & Mutations

Your life essence is reduced to manifest your ancestor. (-10% HP)
You are immune to poison.
You have sharp fingernails.
Your flesh is cold resistant. (rC+)
You are immune to negative energy. (rN+++)
You do not regenerate when monsters are visible.
You are immune to unholy pain and torment.
You thrive by killing the living.


Message History

You kill the howler monkey!
You have reached level 12!
Dagmar remembers more of their old skill.
You swap places.
The howler monkey hoots and howls with incredible vigour!
A cyclops comes into view.
The cyclops shouts!
You hear a shout!
You hear a howl! x2
You scratch the howler monkey but do no damage.
Dagmar hits the howler monkey with a +0 dagger of draining!
The howler monkey hits you but does no damage.
Dagmar hits the howler monkey with a +0 dagger of draining.
You claw the howler monkey!
You kill the howler monkey!
The cyclops throws a large rock.
The large rock hits you!!
A centaur warrior comes into view.
The centaur warrior wields a +0 orcbow.
The centaur warrior shoots an arrow.
The arrow barely misses you.
Found 12 gold pieces.
The centaur warrior shoots an arrow.
The arrow hits you.
Found a kite shield.
The centaur warrior shoots an arrow.
The arrow misses you.
The centaur warrior shoots an arrow.
The arrow hits you!! The cyclops hits you!!
* * * LOW HITPOINT WARNING * * *
You completely miss the cyclops.
The centaur warrior shoots an arrow.
The arrow misses you.
You claw the cyclops!
The cyclops is lightly wounded.
The centaur warrior shoots an arrow.
The arrow barely misses you.
A troll comes into view.
The cyclops hits you!
* * * LOW HITPOINT WARNING * * *
You swap places.
Dagmar hits the cyclops with a +0 dagger of draining.
Dagmar drains the cyclops.
Dagmar casts a spell at the cyclops.
The cyclops resists with some effort.
The centaur warrior shoots an arrow.
The arrow hits Dagmar!!
You claw the cyclops!
The cyclops is heavily wounded.
The cyclops hits you!
You die...

#....[......
#...$.......
#..............
#..............
#..............
#..............
#...C..........
#..@R.....c....
####....>.........
..........<..T....
...................
#..................
#......††#####?....
#........# .....
#........# ....
........# ...


You could see the friendly Dagmar the hexer, a centaur warrior, a cyclops
(drained, ally target) and a troll.

Vanquished Creatures
  Snorg (D:11)
  A boulder beetle (D:7)
  A two-headed ogre (D:10)
  Erica (D:9)
  Lodul (D:10)
  Maurice (D:7)
  Jeremiah (D:7)
  2 trolls (D:10)
  A wraith (D:7)
  6 yaks
  A steam dragon (D:8)
  2 vampire mosquitoes (D:10)
  Menkaure (D:6)
  3 water moccasins
  Duvessa (D:7)
  An orc warrior (D:8)
  A black bear (D:9)
  2 ice beasts
  2 centaurs (D:8)
  5 ogres (D:10)
  A phantom (D:5)
  2 bullfrogs
  A kobold brigand (D:9)
  3 scorpions
  3 wights (D:6)
  Dowan (D:7)
  8 killer bees
  2 howler monkeys (D:11)
  2 gnoll boudas
  3 hounds
  4 orc priests
  5 jellies
  2 iguanas
  7 orc wizards
  6 gnolls
  6 adders
  3 white imps
  An ufetubus (D:7)
  2 worms (D:2)
  A dart slug (D:4)
  19 orcs
  3 bats
  6 endoplasms
  7 giant cockroaches
  3 goblins
  4 hobgoblins
  6 jackals
  A quokka (D:2)
  10 ball pythons
  3 frilled lizards
  9 kobolds
  3 rats (D:1)
172 creatures vanquished.

Vanquished Creatures (collateral kills)
  A boulder beetle (D:7)
  Pikel (D:8)
  Maggie (D:7)
  An unseen horror (D:10)
  A troll (D:7)
  Eustachio (D:6)
  3 yaks (D:10)
  A wraith (D:7)
  A steam dragon (D:9)
  Edmund (D:5)
  An acid dragon (D:7)
  A black bear (D:9)
  An ice beast (D:6)
  3 ogres
  A centaur (D:6)
  A lemure (D:8)
  2 bullfrogs (D:9)
  A wight (D:6)
  5 killer bees
  A crimson imp (D:5)
  3 orc priests
  A sleepcap (D:5)
  3 orc wizards
  3 gnolls (D:6)
  A shadow imp (D:5)
  A dart slug (D:5)
  10 orcs
  A goblin (D:4)
  5 kobolds (D:9)
  A quokka (D:4)
58 creatures vanquished.

Vanquished Creatures (others)
  6 hexers
6 creatures vanquished.

Grand Total: 236 creatures vanquished

Notes
Turn   | Place    | Note
-------+----------+-------------------------------------------
     0 | D:1      | night the Ghoul Monk began the quest for the Orb.
     0 | D:1      | Reached XP level 1. HP: 19/19 MP: 1/1
    90 | D:1      | Reached XP level 2. HP: 26/26 MP: 2/2
   466 | D:1      | Reached skill level 4 in Unarmed Combat
   466 | D:1      | Reached XP level 3. HP: 31/31 MP: 3/3
  1091 | D:2      | Reached XP level 4. HP: 39/40 MP: 4/4
  1787 | D:3      | Reached XP level 5. HP: 40/46 MP: 5/5
  2018 | D:4      | Reached skill level 5 in Unarmed Combat
  2089 | D:4      | Found a hazy altar of Hepliaklqana.
  2165 | D:4      | Became a worshipper of Hepliaklqana the Forgotten
  2165 | D:4      | Reached * piety under Hepliaklqana
  2165 | D:4      | Reached ** piety under Hepliaklqana
  2166 | D:4      | Remembered your ancestor Dagmar as a hexer
  2216 | D:4      | Noticed an ogre
  2217 | D:4      | Reached XP level 6. HP: 38/47 MP: 6/6
  2223 | D:4      | Reached skill level 1 in Invocations
  2297 | D:4      | Found Juaklel's Fire Supplies.
  2603 | D:5      | Entered Level 5 of the Dungeon
  2612 | D:5      | Found a staircase to the Ecumenical Temple.
  2635 | Temple   | Entered the Ecumenical Temple
  2746 | D:5      | Reached skill level 6 in Unarmed Combat
  2814 | D:5      | Noticed Edmund
  2834 | D:5      | Killed Edmund
  2835 | D:5      | Reached XP level 7. HP: 54/54 MP: 8/8
  2845 | D:5      | Reached skill level 5 in Fighting
  2845 | D:5      | Reached skill level 2 in Invocations
  3216 | D:5      | Reached skill level 7 in Unarmed Combat
  3412 | D:6      | Reached XP level 8. HP: 62/62 MP: 10/10
  3800 | D:6      | Reached skill level 5 in Dodging
  3800 | D:6      | Reached skill level 8 in Unarmed Combat
  4044 | D:6      | Noticed Eustachio
  4070 | D:6      | Killed Eustachio
  4142 | D:6      | Reached *** piety under Hepliaklqana
  4336 | D:6      | Noticed Menkaure
  4350 | D:6      | Killed Menkaure
  4370 | D:6      | Reached XP level 9. HP: 56/70 MP: 12/12
  4591 | D:7      | Noticed Maggie
  4602 | D:7      | Killed Maggie
  4603 | D:7      | Reached skill level 9 in Unarmed Combat
  4693 | D:7      | Noticed Jeremiah
  4713 | D:7      | Killed Jeremiah
  4714 | D:7      | Reached skill level 5 in Invocations
  4722 | D:7      | Identified the +0 scale mail "Meyx" {rN+}
  4799 | D:7      | Noticed a boulder beetle
  4813 | D:7      | HP: 3/70 [boulder beetle (21)]
  5066 | D:7      | Killed a boulder beetle
  5242 | D:7      | Noticed Dowan
  5242 | D:7      | Noticed Duvessa
  5261 | D:7      | Killed Duvessa
  5262 | D:7      | Reached skill level 10 in Unarmed Combat
  5267 | D:7      | Killed Dowan
  5300 | D:7      | Noticed a troll
  5308 | D:7      | Killed a troll
  5313 | D:7      | Reached XP level 10. HP: 21/77 MP: 14/14
  5657 | D:7      | Identified the +5 scale mail of the Fife {Dex+4 Stlth+}
  5856 | D:7      | Noticed Maurice
  5875 | D:7      | Killed Maurice
  6156 | D:7      | Noticed a boulder beetle
  6191 | D:7      | Killed a boulder beetle
  6192 | D:7      | Reached skill level 11 in Unarmed Combat
  6482 | D:8      | Noticed Pikel
  6485 | D:8      | Killed Pikel
  6552 | D:8      | Reached **** piety under Hepliaklqana
  6659 | D:8      | Found Maetef's Weapon Boutique.
  6862 | D:8      | Found an iron altar of Okawaru.
  6865 | D:8      | Found a snail-covered altar of Cheibriados.
  7007 | D:9      | Reached XP level 11. HP: 85/85 MP: 12/16
  7048 | D:9      | Reached skill level 12 in Unarmed Combat
  7138 | D:9      | Noticed a centaur warrior
  7139 | D:9      | Noticed a green ugly thing
  7141 | D:9      | Noticed a boulder beetle
  7142 | D:9      | Noticed an entropy weaver
  7145 | D:9      | Noticed Erica
  7163 | D:9      | Killed Erica
  7682 | D:9      | Noticed an entropy weaver
  7714 | D:9      | Found a staircase to the Lair.
  7770 | D:9      | Found an opulent altar of Gozag.
  7770 | D:9      | Found a burning altar of Makhleb.
  7776 | D:9      | Found a blossoming altar of Fedhas.
  7778 | D:9      | Found a faded altar of an unknown god.
  7780 | D:9      | Found a shimmering blue altar of Sif Muna.
  7814 | D:10     | Entered Level 10 of the Dungeon
  7847 | D:10     | Found a runed translucent gate.
  7852 | D:10     | Noticed a two-headed ogre
  7867 | D:10     | Killed a two-headed ogre
  8000 | D:10     | Noticed Lodul
  8004 | D:10     | Reached skill level 1 in Shields
  8006 | D:10     | Reached skill level 1 in Armour
  8024 | D:10     | Killed Lodul
  8051 | D:10     | Found a runed translucent gate.
  8325 | D:10     | Found a bloodstained altar of Trog.
  8445 | D:10     | Reached skill level 2 in Armour
  8447 | D:10     | Reached skill level 13 in Unarmed Combat
  8449 | D:10     | Reached skill level 2 in Shields
  8805 | D:10     | Found a runed translucent gate.
  8871 | D:10     | Noticed an 11-headed hydra
  8871 | D:10     | Noticed Takeo's ghost (journeyman DjFE)
  8893 | D:11     | Noticed Snorg
  8899 | D:11     | Killed Snorg
  8905 | D:11     | Reached XP level 12. HP: 95/95 MP: 18/18
  8908 | D:11     | Noticed a centaur warrior
  8913 | D:11     | HP: 12/95 [cyclops (14)]
  8915 | D:11     | Slain by a cyclops

Illustrated notes

Levels and vault maps discovered:
D:1:      wheals_arrival_shading, layout_basic
D:2:      layout_basic, dk_noncrumbling_4
D:3:      layout_basic, st_stairs_14, minivault_26
D:4:      layout_rooms, mainiacjoe_overflow_small_starburst,
          nicolae_shop_fire_sale [nicolae_sub_dead_trees]
D:5:      layout_basic, temple_pool_b, minmay_fire_ice_demons, uniq_edmund
D:6:      layout_loops_cross, uniq_menkaure, uniq_eustachio
D:7:      layout_basic, minmay_shattered_shrine, uniq_maurice, uniq_duvessa,
          uniq_maggie, uniq_jeremiah
D:8:      layout_basic, minitemple, serial_shops, nicolae_shop_crystal,
          chequers_serial_rivers_micro_e, uniq_pikel
D:9:      layout_big_octagon, chequers_temple_overflow_minitemple,
          grunt_lair_entry_orc_guard_hut, onia_ninara_dug_in_and_dangerous,
          uniq_erica
D:10:     layout_irregular_city, amcnicky_altar_gilded,
          gammafunk_ghost_hydra_chop, hangedman_decor_lopped, uniq_lodul
D:11:     layout_long_grid, orc_0_dummy, nicolae_shop_i_like_small_books_too,
          st_stairs_11, uniq_snorg
Temple:   eino_narrow_crystal_temple

Skill      XL: |  1  2  3  4  5  6  7  8  9 10 11 |
---------------+----------------------------------+-----
Dodging        | 3 4 5 6 7 8 |  8.2
Unarmed Combat | 4 5 6 7 8 10 11 13 | 13.2
Fighting       | 4 5 6 7 8 9 |  9.8
Invocations    | 1 3 4 5 7 8 |  8.5
Shields        | 2 |  2.4
Armour         | 2 |  2.5

Action                     |  1- 3 |  4- 6 |  7- 9 | 10-12 || total
---------------------------+-------+-------+-------+-------++-------
  Melee: Unarmed           |    96 |   116 |   144 |   247 ||   603
 Invoke: Ancestor Life: He |       |     1 |       |       ||     1
         Idealise          |       |       |       |     2 ||     2
   Stab: Confused          |       |     2 |     4 |     5 ||    11
         Distracted        |       |       |     3 |     5 ||     8
 Armour: Robe              |    44 |    41 |    40 |       ||   125
         Steam dragon scal |       |       |    20 |       ||    20
         Ring mail         |       |       |     4 |    13 ||    17
         Scale mail        |       |       |       |   104 ||   104
  Dodge: Dodged            |    55 |    66 |    61 |   138 ||   320

Table legend: (Time is in decaauts)
 A = Elapsed time spent in this place.
 B = Non-inter-level travel time spent in this place.
 C = Inter-level travel time spent in this place.
 D = Time resting spent in this place.
 E = Time spent auto-exploring this place.
 F = Levels seen in this place.
 G = Mean time per level.
                   A        B        C        D        E       F      G
               +--------+--------+--------+--------+--------+-----+--------+
         Total |   8824 |   8463 |    361 |    771 |   6152 |  12 |  735.3 |
       Dungeon |   8822 |   8461 |    361 |    771 |   6152 |  11 |  802.0 |
        Temple |      1 |      1 |      0 |      0 |      0 |   1 |    1.0 |
               +--------+--------+--------+--------+--------+-----+--------+

Top non-repeatable levels by time:
     D:7: 1768 daAuts
     D:6: 1292 daAuts
    D:10: 1057 daAuts
     D:9: 808 daAuts
     D:1: 793 daAuts
     D:2: 791 daAuts
     D:5: 778 daAuts
     D:4: 586 daAuts
     D:8: 511 daAuts
     D:3: 415 daAuts
    D:11: 19 daAuts
  Temple: 1 daAuts
